 Dungeon Crawl Stone Soup version 0.20.1-1-g8b1a95d (webtiles) character file.

219 Schiappus the Ducker (level 5, -1/53 HPs)
             Began as a Troll Berserker on Oct 22, 2017.
             Was a Priest of Trog.
             Slain by a gnoll
             ... wielding a +0 spear
              (5 damage)
             ... on level 3 of the Dungeon.
             The game lasted 00:07:23 (1840 turns).

Schiappus the Ducker (Troll Berserker)              Turns: 1840, Time: 00:07:23

Health: -1/53      AC:  6    Str: 25    XL:     5   Next: 63%
Magic:  4/4        EV: 11    Int:  4    God:    Trog [***...]
Gold:   90         SH:  0    Dex:  9    Spells: 4/4 levels left

rFire    . . .     SeeInvis .   a - +1 hand axe
rCold    . . .     Gourm    +   (no shield)
rNeg     . . .     Faith    .   b - +1 animal skin
rPois    .         Spirit   .   (helmet restricted)
rElec    .         Reflect  .   (no cloak)
rCorr    +         Harm     .   (gloves unavailable)
MR       .....                  (boots unavailable)
Stlth    +.........             (no amulet)
Regen    0.6/turn               h - ring of resist corrosion
MPRegen  0.1/turn               (no ring)

@: no status effects
A: unfitting armour, claws 3, fast metabolism 3, gourmand, regeneration 1,
shaggy fur 1, tough skin 2
a: Berserk, Trog's Hand, Burn Spellbooks, Renounce Religion


You were on level 3 of the Dungeon.
You worshipped Trog.
Trog was most pleased with you.
You were very full.

You visited 1 branch of the dungeon, and saw 4 of its levels.

You collected 90 gold pieces.

Inventory:

Hand Weapons
 a - a +1 hand axe (weapon)
Armour
 b - a +1 animal skin (worn)
Jewellery
 h - a ring of resist corrosion (left claw)
Wands
 e - a wand of digging (11/24)
Scrolls
 d - a scroll of enchant weapon
 j - 2 scrolls of amnesia
 l - 2 scrolls of teleportation
 n - a scroll of identify {unknown}
 o - a scroll of recharging {unknown}
Potions
 g - a potion of curing
 k - 4 potions of lignification
 m - a potion of magic {unknown}
Comestibles
 c - 4 bread rations
 f - 2 meat rations
 i - 6 chunks of flesh


   Skills:
 + Level 3.2 Fighting
 + Level 3.8 Axes
 + Level 3.8 Dodging


You had 4 spell levels left.
You didn't know any spells.

Dungeon Overview and Level Annotations

Branches:
Dungeon (4/15)
 Temple: D:4-7

Altars:
Vehumet


Innate Abilities, Weirdness & Mutations

You are too large for most types of armour.
You have claws for hands.
Your metabolism is lightning-fast.
You like to eat raw meat.
Your natural rate of healing is unusually fast.
You are covered in fur. (AC +1)
You have very tough skin. (AC +2)


Message History

The gnoll hits you but does no damage. The gnoll misses you.
You barely miss the gnoll.
The gnoll is severely wounded.
The gnoll hits you from afar with a spear.
The gnoll hits you with a whip!
* * * LOW HITPOINT WARNING * * *
The gnoll closely misses you. The gnoll barely misses you.
You hit the gnoll.
The gnoll is almost dead.
The gnoll closely misses you. The gnoll barely misses you.
You barely miss the gnoll.
The gnoll is almost dead.
The gnoll hits you from afar with a spear.
* * * LOW HITPOINT WARNING * * *
The gnoll barely misses you.
You hit the gnoll.
You kill the gnoll!
Trog accepts your kill.
The gnoll hits you from afar with a spear.
You die...

#..######.............
#....#...###......#..
#.........###.... #
###.##...)(..#....###
#####.........(.....#....
##......###'###.....###.#.
#.......# #.# #...........
........###.###.....#.....
.......g)@._..+.....#.....
........#######..........[
........# ### #....#......
........# #####....#.#...#
......... ...............#
......... ....>.........##
.....##.# .$............##
#..## #.###...........#...
..............##


You could see a gnoll.

Vanquished Creatures
  Natasha (twice) (D:4)
  2 worker ants
  3 gnolls (D:3)
  2 adders (D:2)
  An ooze (D:1)
  2 worms (D:2)
  2 dart slugs (D:1)
  A leopard gecko (D:1)
  An orc (D:4)
  13 giant cockroaches
  4 goblins
  4 hobgoblins
  A quokka (D:2)
  2 ball pythons (D:1)
  4 bats
  3 frilled lizards (D:2)
  4 kobolds
  11 rats
62 creatures vanquished.

Notes
Turn   | Place    | Note
-------+----------+-------------------------------------------
     0 | D:1      | Schiappus the Troll Berserker began the quest for the Orb.
     0 | D:1      | Reached XP level 1. HP: 22/22 MP: 0/0
   173 | D:1      | Reached XP level 2. HP: 28/29 MP: 1/1
   798 | D:2      | Reached XP level 3. HP: 29/36 MP: 2/2
   932 | D:2      | Reached ** piety under Trog
  1100 | D:2      | Reached XP level 4. HP: 43/44 MP: 3/3
  1457 | D:2      | You fall through a shaft for 2 floors!
  1497 | D:4      | Noticed Natasha
  1511 | D:4      | Killed Natasha
  1614 | D:4      | Noticed Natasha
  1624 | D:4      | Killed Natasha
  1624 | D:4      | Reached XP level 5. HP: 53/53 MP: 4/4
  1806 | D:3      | Found a radiant altar of Vehumet.
  1831 | D:3      | Reached *** piety under Trog
  1840 | D:3      | Slain by a gnoll

Skill      XL: |  1  2  3  4 |
---------------+-------------+-----
Dodging        | 3 |  3.8
Axes           | 3 |  3.8
Fighting       | 3 |  3.2

Action                   |  1- 3 |  4- 6 || total
-------------------------+-------+-------++-------
Melee: Hand axe          |   134 |    88 ||   222
       Unarmed           |       |     1 ||     1
  Use: Scroll            |     2 |     2 ||     4
       Potion            |     1 |     1 ||     2
  Eat: Chunk             |    16 |     6 ||    22
Armor: Animal skin       |    84 |    37 ||   121
Dodge: Dodged            |    85 |    65 ||   150
